[Event "Titled Tuesday Blitz March 14 Late 2023"]
[White "Rustemov, Alexander"]
[Black "Harvey, Marcus R"]
[WhiteFideId "4119002"]
[BlackFideId "400092"]
[WhiteElo "2936"]
[BlackElo "2457"]
[Result "1-0"]
[Round "06"]
[TimeControl "180+2"]
[Date "2023.03.14"]
[WhiteClock "0:00:28"]
[BlackClock "0:00:04"]

1. d4 Nf6 2. c4 e6 3. Nf3 d5 4. Nc3 c6 5. e3 Nbd7 6. Qc2 Bd6 7. b3 O-O 8. Be2 b6 9. O-O Bb7 10. Bb2 Rc8 11. e4 dxe4 12. Nxe4 Nxe4 13. Qxe4 Qe7 14. Rad1 f5 15. Qc2 c5 16. d5 e5 17. g3 Rce8 18. Nh4 g6 19. Rde1 e4 20. f4 Qf7 21. Qc3 Nf6 22. Ng2 h5 23. h3 Kh7 24. Ne3 Rh8 25. Kg2 Ref8 26. Rh1 Kg8 27. Ref1 Bc8 28. g4 Rh7 29. g5 Ne8 30. h4 Qg7 31. Qc2 Qc7 32. Kg3 Kf7 33. Rf2 Rg8 34. Qc3 Bd7 35. a3 a5 36. Rb1 Bf8 37. Qd2 Bd6 38. Bf1 Qd8 39. Bh3 Nc7 40. Be5 Qe7 41. Qc3 Re8 42. Bxd6 Qxd6 43. b4 Ra8 44. Rfb2 a4 45. bxc5 Qxc5 46. Rxb6 Ne8 47. Kf2 Rc8 48. R1b4 Rg7 49. Qe5 Kg8 50. Bf1 Re7 51. Rxg6+ Ng7 52. Qd6 Be8 53. Qxc5 Rxc5 54. Ra6 Rec7 55. Be2 Bd7 56. Ke1 Rc8 57. Kd2 Be8 58. Kc3 Bf7 59. Kd4 R5c7 60. Rbxa4 Rd8 61. Ra8 Rd7 62. Rxd8+ Rxd8 63. c5 Ne6+ 64. Ke5 Nxc5 65. Ra7 Nd7+ 66. Kxf5 Nf8 67. Kxe4 Ng6 68. Bxh5 Re8+ 69. Kd4 Kf8 70. Bxg6 Bxg6 71. f5 Bf7 72. g6 1-0


[Site "https://www.chess.com"]

[Event "Titled Tuesday Blitz March 14 Late 2023"]
[White "Tanenbaum, Zachary"]
[Black "Kramnik, Vladimir"]
[WhiteFideId "2060850"]
[BlackFideId "4101588"]
[WhiteElo "2175"]
[BlackElo "2712"]
[Result "0-1"]
[Round "06"]
[TimeControl "180+2"]
[Date "2023.03.14"]
[WhiteClock "0:00:16"]
[BlackClock "0:01:00"]

1. e4 c5 2. Nf3 e6 3. d4 cxd4 4. Nxd4 a6 5. Bd3 Nf6 6. O-O Qc7 7. Nc3 b5 8. Be3 Bb7 9. a3 Be7 10. f4 d6 11. Qf3 Nbd7 12. Rae1 h5 13. h3 h4 14. Bf2 g6 15. Qe3 Nh5 16. Nf3 Ng3 17. Bxg3 hxg3 18. Nd4 Qb6 19. Nb3 Rc8 20. Rf3 Bf6 21. Qxb6 Nxb6 22. Rb1 Nc4 23. Bxc4 bxc4 24. Na5 Ba8 25. Rd1 Rc5 26. Rxd6 Rxa5 27. Rxg3 g5 28. Rb6 gxf4 29. Rf3 Bd4+ 0-1


[Site "https://www.chess.com"]

[Event "Titled Tuesday Blitz March 14 Late 2023"]
[White "Atakhan, Abtin"]
[Black "Hansen, Eric"]
[WhiteFideId "22502203"]
[BlackFideId "2606771"]
[WhiteElo "2008"]
[BlackElo "2569"]
[Result "0-1"]
[Round "06"]
[TimeControl "180+2"]
[Date "2023.03.14"]
[WhiteClock "0:00:10"]
[BlackClock "0:00:08"]

1. c4 e5 2. Nc3 Bb4 3. Nf3 Bxc3 4. bxc3 d6 5. e4 f5 6. d4 fxe4 7. Ng5 Nc6 8. Nxe4 Bf5 9. Ng3 Bg6 10. h4 Qd7 11. h5 Bf7 12. Be2 Nf6 13. h6 gxh6 14. Rxh6 Bg6 15. Bg5 O-O 16. Qd2 Rae8 17. Kf1 Ng4 18. Bxg4 Qxg4 19. Kg1 exd4 20. Rh4 dxc3 21. Qc1 Qe6 22. Qxc3 Qe5 23. Qc1 Nb4 24. f4 Qc5+ 25. Kh2 Nd3 26. Qc3 Nf2 27. Bh6 Rf7 28. Rf1 Ne4 29. Nxe4 Rxe4 30. Rg4 Qh5+ 31. Qh3 Qxh3+ 32. gxh3 Kh8 33. Rg5 Re2+ 34. Kg1 Rf5 35. Rxf5 Bxf5 36. Rf3 Re6 37. Bg5 h6 38. Bd8 c6 39. Ra3 a6 40. Rb3 b5 41. cxb5 axb5 42. Bc7 Kg8 43. Kf2 Kf7 44. Rb2 Ke8 45. Rd2 Kd7 46. Bb6 Bxh3 47. Bc5 Bf5 48. Bb4 Kc7 49. Ba5+ Kb7 50. Bb4 c5 51. Bc3 Kc6 52. Bg7 h5 53. Kf3 h4 54. Rh2 h3 55. Bc3 b4 56. Bd2 Kb5 57. Bc1 Re1 58. Be3 c4 59. Bf2 Rd1 60. Ke2 Bg4+ 61. Ke3 d5 62. Bg3 Rd3+ 63. Kf2 Rf3+ 0-1


[Site "https://www.chess.com"]

[Event "Titled Tuesday Blitz March 14 Late 2023"]
[White "Sattarov, Bobir"]
[Black "Avila Pavas, Santiago"]
[WhiteFideId "14203081"]
[BlackFideId "4437128"]
[WhiteElo "2351"]
[BlackElo "2365"]
[Result "1-0"]
[Round "06"]
[TimeControl "180+2"]
[Date "2023.03.14"]
[WhiteClock "0:01:39"]
[BlackClock "0:00:37"]

1. e4 Nf6 2. e5 Nd5 3. c4 Nb6 4. d4 d6 5. exd6 cxd6 6. Nc3 g6 7. Be3 Bg7 8. Rc1 O-O 9. b3 e5 10. dxe5 dxe5 11. Qxd8 Rxd8 12. c5 N6d7 13. Bc4 Nc6 14. Ne4 Na5 15. Bg5 Rf8 16. Bd5 h6 17. Bd2 Nc6 18. Nf3 Kh7 19. h4 f6 20. b4 Ne7 21. Bb3 h5 22. b5 Nf5 23. O-O Rd8 24. Rfd1 Nf8 25. Ba5 Rxd1+ 26. Rxd1 Ne6 27. Bxe6 Bxe6 28. Nfg5+ fxg5 29. Nxg5+ Kg8 30. Nxe6 Bf6 31. c6 bxc6 32. bxc6 Kf7 33. Ng5+ Bxg5 34. hxg5 Nd4 35. c7 Rc8 36. f4 Ke7 37. fxe5 Nc6 38. Rd8 Nxd8 39. cxd8=Q+ Rxd8 40. Bxd8+ Kxd8 41. Kf2 Ke7 42. Ke3 Ke6 43. Ke4 h4 44. Kd4 Kf5 45. Kd5 Kxg5 46. e6 1-0


[Site "https://www.chess.com"]

[Event "Titled Tuesday Blitz March 14 Late 2023"]
[White "Adewumi, Tanitoluwa"]
[Black "Ruiz Castillo, Joshua Daniel"]
[WhiteFideId "30966396"]
[BlackFideId "4400704"]
[WhiteElo "2814"]
[BlackElo "2491"]
[Result "0-1"]
[Round "06"]
[TimeControl "180+2"]
[Date "2023.03.14"]
[WhiteClock "0:00:14"]
[BlackClock "0:00:47"]

1. e4 e6 2. d4 d5 3. exd5 exd5 4. Nf3 Nc6 5. Nc3 Bb4 6. Bd3 Nge7 7. a3 Bd6 8. Nb5 Bf5 9. Nxd6+ Qxd6 10. O-O O-O 11. Re1 Rfe8 12. Bg5 Bxd3 13. Qxd3 Ng6 14. Qb5 b6 15. c4 Rxe1+ 16. Rxe1 dxc4 17. Qxc4 h6 18. Be3 Nce7 19. h4 Nd5 20. h5 Ngf4 21. Bxf4 Nxf4 22. Ne5 Rf8 23. Nxf7 Qd5 24. Qxd5 Nxd5 25. Ne5 Rf5 26. g4 Rf4 27. Rd1 Re4 28. Kf1 Nf4 29. f3 Re3 30. Rd2 c5 31. Kf2 cxd4 32. Rxd4 Rxe5 33. Rxf4 Rc5 34. Re4 Rc2+ 35. Re2 Rc7 36. Rd2 Kf7 37. Ke3 Kf6 38. Ke4 Kg5 39. Ke3 Re7+ 40. Kf2 Kh4 41. Kg2 Re3 42. Kf2 Rb3 43. Rc2 a5 44. Rd2 b5 45. Kg2 a4 46. Re2 Rd3 47. Kf2 Kh3 48. Re3 Rd2+ 49. Re2 Rd3 50. Re1 Kh4 51. Rh1+ Kg5 52. Re1 Kh4 53. Re2 Rb3 54. Rd2 Kh3 55. Re2 Kh2 56. Re1 Rxb2+ 57. Ke3 Rb3+ 58. Kf4 Kg2 59. Re2+ Kh3 60. Re5 Kg2 61. Re2+ Kf1 62. Re5 Kf2 63. g5 Rxf3+ 64. Kg4 Rg3+ 65. Kf4 Rxg5 66. Re3 Rf5+ 67. Kxf5 Kxe3 68. Kg6 b4 69. axb4 a3 70. b5 a2 71. b6 a1=Q 72. b7 Qf6+ 73. Kh7 Qb6 74. Kh8 Qxb7 75. Kh7 Qf3 76. Kg6 Qg4+ 77. Kh7 Qxh5 78. Kh8 Qf7 79. Kh7 Qf6 80. Kh8 g5+ 81. Kh7 g4 82. Kg8 Qe7 83. Kh8 Kf4 84. Kg8 Kg5 85. Kh8 Kg6 86. Kg8 Qg7# 0-1


[Site "https://www.chess.com"]

[Event "Titled Tuesday Blitz March 14 Late 2023"]
[White "Diaz Perez, Michel Alejandro"]
[Black "Ashraf, Artin"]
[WhiteFideId "3517179"]
[BlackFideId "22514805"]
[WhiteElo "2333"]
[BlackElo "2188"]
[Result "0-1"]
[Round "06"]
[TimeControl "180+2"]
[Date "2023.03.14"]
[WhiteClock "0:00:28"]
[BlackClock "0:00:19"]

1. Nf3 d5 2. c4 e6 3. e3 Nf6 4. Qc2 c5 5. b3 d4 6. exd4 cxd4 7. Bd3 Nc6 8. a3 a5 9. O-O Bd6 10. Bb2 e5 11. Ng5 h6 12. Ne4 O-O 13. Nxf6+ Qxf6 14. Be4 Be6 15. d3 Qe7 16. Nd2 f5 17. Bd5 Rac8 18. Bxe6+ Qxe6 19. Rfe1 Rcd8 20. c5 Bc7 21. Nc4 Qg6 22. b4 e4 23. Rad1 Qh5 24. h3 axb4 25. dxe4 f4 26. Qb3 f3 27. Ne5+ Kh8 28. Nxf3 bxa3 29. Bxa3 Ba5 30. Rf1 Bc3 31. Qxb7 Qg6 32. Qb1 Rxf3 33. e5 Qxb1 34. Rxb1 Rff8 35. f4 Rb8 36. g3 d3 37. Rfd1 Rxb1 38. Rxb1 Ra8 39. Bc1 Rb8 40. Rxb8+ Nxb8 41. Kf1 d2 42. Bxd2 Bxd2 43. Ke2 Bb4 44. Kd3 Bxc5 45. Kc4 Bf8 46. Kd5 Na6 47. g4 Kg8 48. f5 Kf7 49. h4 Nb4+ 50. Ke4 Nc6 51. g5 h5 52. g6+ Ke7 53. Kf4 Nd4 54. Kg5 Nf3+ 55. Kxh5 Nxe5 56. Kg5 Nd7 57. h5 Nf6 58. Kh4 Kd6 59. Kg5 Ke5 60. h6 gxh6+ 61. Kh4 Kxf5 62. g7 Bxg7 63. Kh3 h5 64. Kh4 Kg6 65. Kh3 Kg5 66. Kg3 h4+ 67. Kh3 Kh5 68. Kg2 Kg4 69. Kh2 h3 70. Kh1 Kg3 71. Kg1 Ng4 72. Kh1 Nf2+ 73. Kg1 h2+ 74. Kf1 h1=Q+ 75. Ke2 Qd1+ 76. Ke3 Qd3# 0-1


[Site "https://www.chess.com"]

[Event "Titled Tuesday Blitz March 14 Late 2023"]
[White "Pham, Khoi"]
[Black "Sanal, Vahap"]
[WhiteFideId "1054988"]
[BlackFideId "6300545"]
[WhiteElo "2559"]
[BlackElo "2606"]
[Result "1-0"]
[Round "06"]
[TimeControl "180+2"]
[Date "2023.03.14"]
[WhiteClock "0:00:43"]
[BlackClock "0:00:49"]

1. e4 e5 2. Nf3 Nc6 3. d4 exd4 4. Nxd4 Bc5 5. Nb3 Bb6 6. Nc3 d6 7. Qe2 a5 8. a4 Nb4 9. Bf4 Ne7 10. O-O-O O-O 11. e5 Ng6 12. Bg3 Qg5+ 13. Kb1 dxe5 14. h4 Qf5 15. Ne4 Be6 16. Nbc5 Nf4 17. Bxf4 Ba2+ 18. Ka1 exf4 19. c3 Bxc5 20. Nxc5 Qxc5 21. cxb4 axb4 22. Kxa2 Rxa4+ 23. Kb3 Rfa8 24. Qc4 Qe5 25. Qd4 Qe8 26. Bc4 b5 27. Bd5 c6 28. Rhe1 Qc8 29. Bxc6 Rb8 30. Re8+ Qxe8 31. Bxe8 Rxe8 32. Qd7 Raa8 33. Qxb5 h6 34. Rd7 Re6 35. Rxf7 Kxf7 1-0


[Site "https://www.chess.com"]

[Event "Titled Tuesday Blitz March 14 Late 2023"]
[White "Dzierzak, Radoslaw"]
[Black "Costachi, Mihnea"]
[WhiteFideId "1161407"]
[BlackFideId "1217518"]
[WhiteElo "2166"]
[BlackElo "2456"]
[Result "0-1"]
[Round "06"]
[TimeControl "180+2"]
[Date "2023.03.14"]
[WhiteClock "0:00:03"]
[BlackClock "0:00:14"]

1. e4 e5 2. Nf3 Nc6 3. Bc4 Bc5 4. O-O d6 5. c3 Nf6 6. d3 h6 7. Bb3 a6 8. Nbd2 Ba7 9. Nc4 O-O 10. Be3 Bg4 11. Bxa7 Rxa7 12. Ne3 Bh5 13. Nf5 Ne7 14. Ng3 Ng6 15. Nxh5 Nxh5 16. Nxe5 Nxe5 17. Qxh5 Nxd3 18. Rad1 Nc5 19. e5 Nxb3 20. axb3 Ra8 21. exd6 cxd6 22. Rd4 Qe7 23. Rfd1 Rfe8 24. g3 Rad8 25. R1d2 Qf6 26. Qd1 Re6 27. Re2 Rde8 28. Rxe6 Rxe6 29. Kg2 g6 30. Qf3 Qe7 31. Rb4 b5 32. c4 d5 33. cxd5 Rf6 34. Rf4 Rd6 35. Re4 Qd7 36. Rd4 Qe7 37. Qe3 Qf6 38. Qf4 Qe7 39. Qxh6 Qe5 40. Qd2 Qf5 41. Qd3 Qe5 42. f4 Qe1 43. Qd2 Qb1 44. Kf3 Qh1+ 45. Qg2 Qe1 46. Qe2 Qh1+ 47. Qg2 Qb1 48. Qe2 Qf5 49. Qe8+ Kh7 50. Qe5 Qd7 51. g4 Qd8 52. f5 Rf6 53. Kg3 gxf5 54. gxf5 Rh6 55. Rh4 Qxh4+ 56. Kf3 Qh3+ 57. Ke4 Rh4+ 0-1


[Site "https://www.chess.com"]

[Event "Titled Tuesday Blitz March 14 Late 2023"]
[White "Mazurkiewicz, Michal"]
[Black "Mahdavi, Reza"]
[WhiteFideId "1124943"]
[BlackFideId "12595926"]
[WhiteElo "2054"]
[BlackElo "2208"]
[Result "0-1"]
[Round "06"]
[TimeControl "180+2"]
[Date "2023.03.14"]
[WhiteClock "0:00:06"]
[BlackClock "0:00:58"]

1. e4 c5 2. Nf3 e6 3. d3 Nc6 4. g3 Nf6 5. Bg2 d6 6. O-O Be7 7. Re1 O-O 8. c3 e5 9. d4 cxd4 10. cxd4 Bg4 11. d5 Nd4 12. Be3 Nxf3+ 13. Bxf3 Bxf3 14. Qxf3 b5 15. a3 Rc8 16. Nc3 Qd7 17. Qe2 a6 18. f3 Rc4 19. Na2 a5 20. Rac1 Rfc8 21. Rxc4 Rxc4 22. Rc1 Rxc1+ 23. Nxc1 Bd8 24. Na2 h5 25. Qc2 Qh3 26. Nc3 h4 27. g4 Qxf3 28. Bf2 Nxg4 29. Nxb5 h3 30. Bg3 Bb6+ 0-1


[Site "https://www.chess.com"]

[Event "Titled Tuesday Blitz March 14 Late 2023"]
[White "Dinu, Dumitru-Daniel"]
[Black "Martinez Alcantara, Jose Eduardo"]
[WhiteFideId "1208403"]
[BlackFideId "3805662"]
[WhiteElo "2240"]
[BlackElo "2712"]
[Result "0-1"]
[Round "06"]
[TimeControl "180+2"]
[Date "2023.03.14"]
[WhiteClock "0:00:06"]
[BlackClock "0:00:13"]

1. e4 c5 2. Nf3 d6 3. Bc4 e6 4. O-O a6 5. a4 Nf6 6. Re1 Be7 7. Nc3 O-O 8. d4 cxd4 9. Nxd4 Bd7 10. Be3 Nc6 11. Bb3 Rc8 12. Nxc6 Bxc6 13. Bd4 Qc7 14. Qe2 Rfe8 15. Rad1 e5 16. Be3 Nxe4 17. Qc4 Nxc3 18. Qxf7+ Kh8 19. bxc3 Rf8 20. Qh5 Be4 21. Be6 Bxc2 22. Rc1 Bg6 23. Qh3 Rcd8 24. c4 Bf6 25. Red1 Qe7 26. Bd5 e4 27. c5 Be5 28. cxd6 Bxd6 29. Rb1 Be5 30. Rbc1 b5 31. axb5 axb5 32. Bc5 Bd6 33. Be3 b4 34. Bb3 Be5 35. Re1 Bc3 36. Rf1 Qf6 37. Qg3 h6 38. Bc5 Rfe8 39. Qe3 Kh7 40. Rfd1 Rd3 41. Qe2 Red8 42. Rf1 Rd2 43. Qe3 R8d3 44. Rxc3 Qxc3 45. Qe1 Qxb3 46. Be3 Rd1 47. Qe2 Rxf1+ 48. Qxf1 Rd1 49. Qxd1 Qxd1# 0-1


[Site "https://www.chess.com"]

[Event "Titled Tuesday Blitz March 14 Late 2023"]
[White "Crevatin, Leo"]
[Black "Kozak, Adam"]
[WhiteFideId "1726307"]
[BlackFideId "753246"]
[WhiteElo "2190"]
[BlackElo "2469"]
[Result "0-1"]
[Round "06"]
[TimeControl "180+2"]
[Date "2023.03.14"]
[WhiteClock "0:01:26"]
[BlackClock "0:01:43"]

1. d4 Nf6 2. c4 g6 3. Nc3 Bg7 4. e4 O-O 5. h3 d6 6. Be3 c5 7. Nf3 Qa5 8. Qd2 cxd4 9. Nxd4 Nc6 10. Be2 Qe5 11. Nf3 Qa5 12. O-O Bd7 13. Rac1 Rac8 14. b3 Rfd8 15. Rfd1 Ne8 16. Nd5 Qxd2 17. Bxd2 Nc7 18. Be3 Ne6 19. Rd2 Nc5 20. Bd3 Nxd3 21. Rxd3 b6 22. Re1 Re8 23. Nd4 Nxd4 24. Bxd4 Bxd4 25. Rxd4 f6 26. Nc3 Kf7 27. f3 Rc5 28. Re2 g5 29. Kf2 h5 30. Re1 h4 31. Ke3 Rec8 32. Red1 b5 33. Nxb5 Bxb5 34. cxb5 Rxb5 35. Ra4 a5 36. Rd2 Rc1 37. Rad4 Ra1 38. Kd3 Rc5 39. Rc4 Re5 40. Kc2 Rxa2+ 41. Kc3 Rxd2 42. Kxd2 Ke6 43. Rc7 f5 44. exf5+ Kxf5 45. Rc4 Rc5 46. Re4 e5 47. b4 Rd5+ 48. Ke3 a4 49. b5 Rxb5 50. Rxa4 Rb2 51. Rg4 d5 52. Kd3 d4 53. Kc4 Rd2 54. Kd5 Rd3 55. Re4 Re3 56. Rg4 d3 0-1


[Site "https://www.chess.com"]

[Event "Titled Tuesday Blitz March 14 Late 2023"]
[White "Koellner, Ruben Gideon"]
[Black "Mendonca, Leon Luke"]
[WhiteFideId "12993093"]
[BlackFideId "35028561"]
[WhiteElo "2303"]
[BlackElo "2464"]
[Result "1-0"]
[Round "06"]
[TimeControl "180+2"]
[Date "2023.03.14"]
[WhiteClock "0:00:11"]
[BlackClock "0:00:19"]

1. d4 Nf6 2. Nf3 d5 3. e3 e6 4. Nbd2 c5 5. b3 b6 6. Bb5+ Bd7 7. Bd3 Be7 8. Bb2 O-O 9. O-O Nc6 10. Ne5 Rc8 11. a3 Nxe5 12. dxe5 Ne8 13. Qh5 g6 14. Qh3 Ng7 15. f4 b5 16. Be2 Bc6 17. Nf3 a5 18. Rad1 Qb6 19. g4 d4 20. exd4 Bxf3 21. Qxf3 cxd4 22. Bxd4 Bc5 23. Qe3 Bxd4 24. Qxd4 Qxd4+ 25. Rxd4 Rxc2 26. Bxb5 h5 27. h3 Rc3 28. Rd3 Rfc8 29. Rff3 Rc1+ 30. Kg2 Ra1 31. a4 Rcc1 32. Rd8+ Kh7 33. Rf8 Rg1+ 34. Kf2 hxg4 35. hxg4 Rxg4 36. Rxf7 Kg8 37. Rc7 Nf5 38. Rfc3 Rxf4+ 39. Kg2 Rg4+ 40. Kf3 Rag1 41. Ke2 R1g2+ 42. Kd1 Rh2 43. Rc8+ Kg7 44. R3c7+ Kh6 45. Rh8+ Kg5 46. Rxh2 Nd4 47. Bc4 Nf3 48. Rf2 Nxe5 49. Bxe6 Rd4+ 50. Rd2 Re4 51. Rc5 Kf6 52. Bc4 Nf3 53. Rf2 Rf4 54. Ke2 Nd4+ 55. Ke3 Rxf2 56. Kxf2 g5 57. Rxa5 g4 58. Rd5 Nf5 59. Rxf5+ Kxf5 60. Kg3 Kg5 61. b4 Kf6 62. b5 Ke5 63. a5 Kd4 64. Kxg4 Kc5 65. Kf5 Kb4 66. b6 Kxa5 67. b7 Kb4 68. b8=Q+ Ka5 69. Qb5# 1-0


[Site "https://www.chess.com"]

[Event "Titled Tuesday Blitz March 14 Late 2023"]
[White "Escalona Landi, Samid Eduardo"]
[Black "Yelisieiev, Yevhenii"]
[WhiteFideId "3937437"]
[BlackFideId "14139642"]
[WhiteElo "2207"]
[BlackElo "2447"]
[Result "0-1"]
[Round "06"]
[TimeControl "180+2"]
[Date "2023.03.14"]
[WhiteClock "0:02:40"]
[BlackClock "0:02:50"]

1. Nf3 d6 2. d4 Nf6 3. Nc3 Nbd7 4. e4 e5 5. Bc4 Be7 6. O-O O-O 7. a4 a5 8. Re1 c6 9. b3 exd4 10. Qxd4 Ne5 11. Nxe5 dxe5 12. Qxe5 Ng4 13. Qg3 Bh4 0-1


[Site "https://www.chess.com"]

[Event "Titled Tuesday Blitz March 14 Late 2023"]
[White "Gubajdullin, Alexei"]
[Black "Yuan, Qingyu"]
[WhiteFideId "4141202"]
[BlackFideId "8609772"]
[WhiteElo "2267"]
[BlackElo "2359"]
[Result "1-0"]
[Round "06"]
[TimeControl "180+2"]
[Date "2023.03.14"]
[WhiteClock "0:00:16"]
[BlackClock "0:00:03"]

1. d4 Nf6 2. Nf3 e6 3. Bf4 b6 4. e3 Bb7 5. h3 c5 6. Be2 cxd4 7. exd4 Be7 8. O-O O-O 9. a4 a6 10. Nbd2 d6 11. c3 Nbd7 12. Re1 Rc8 13. Bf1 Qc7 14. Nc4 Rfd8 15. Ne3 Qb8 16. Nh2 Qa8 17. Nhg4 Ne4 18. Nc4 f5 19. Nge3 Bh4 20. Re2 Nf8 21. Nxb6 Qb8 22. Nxc8 Qxc8 23. Qb3 Kh8 24. Bh2 Ng6 25. Qd1 f4 26. Nc2 f3 27. gxf3 Ng5 28. Ne1 Nxf3+ 29. Nxf3 Bxf3 30. Bg2 Bxe2 31. Qxe2 Rf8 32. Bg3 Nf4 33. Qe4 Bxg3 34. fxg3 Nxg2 35. Qxg2 h6 36. Rf1 Rxf1+ 37. Qxf1 Qc6 38. a5 e5 39. dxe5 Qc5+ 40. Kh2 Qxe5 41. Qxa6 Qd5 42. Kg1 Qd1+ 43. Kf2 Qc2+ 44. Qe2 Qa4 45. a6 Qa5 46. Kg2 Qb6 47. Kh2 d5 48. b4 Kh7 49. b5 Qc5 50. Qd3+ Kh8 51. Qd4 Qa3 52. a7 Qa2+ 53. Kh1 Qb1+ 54. Kg2 Qc2+ 55. Qf2 Qe4+ 56. Kh2 Qa4 57. Qf8+ Kh7 58. a8=Q Qc2+ 59. Kg1 Qd1+ 60. Qf1 1-0


[Site "https://www.chess.com"]

[Event "Titled Tuesday Blitz March 14 Late 2023"]
[White "Ismagilov, Damir"]
[Black "Holt, Conrad"]
[WhiteFideId "34199982"]
[BlackFideId "2034387"]
[WhiteElo "2078"]
[BlackElo "2592"]
[Result "1-0"]
[Round "06"]
[TimeControl "180+2"]
[Date "2023.03.14"]
[WhiteClock "0:00:11"]
[BlackClock "0:00:05"]

1. d4 d5 2. Nf3 Nf6 3. Bg5 Ne4 4. Bf4 c5 5. e3 Nc6 6. Nbd2 Nxd2 7. Qxd2 Qb6 8. c3 e6 9. Bd3 c4 10. Be2 Be7 11. h4 Qd8 12. h5 b5 13. h6 g5 14. Bg3 f6 15. Qc2 O-O 16. e4 f5 17. exf5 exf5 18. Ne5 f4 19. Nxc6 Qd6 20. Nxe7+ Qxe7 21. Bh2 Bf5 22. Qd2 Rae8 23. Kd1 b4 24. Bf3 Qd7 25. Re1 g4 26. Rxe8 Rxe8 27. Be2 Qa4+ 28. Kc1 bxc3 29. bxc3 Qa3+ 30. Kd1 Qa4+ 31. Kc1 Bd3 32. Bxd3 cxd3 33. Qxd3 Re1+ 34. Kb2 Re6 35. Rb1 Rb6+ 36. Ka1 Rxb1+ 37. Kxb1 f3 38. gxf3 gxf3 39. Be5 Qc6 40. Qxf3 Qb6+ 41. Kc1 Qxh6+ 42. Qe3 Qh1+ 43. Kb2 Qd1 44. Qg5+ Kf7 45. Qg7+ Ke8 46. Qh8+ Kd7 47. Qxh7+ Kc6 48. Qc2 Qf1 49. Qa4+ Kb6 50. Qb4+ Ka6 51. Qa4+ Kb6 52. Qb4+ Ka6 53. Qd6+ Ka5 54. Qxd5+ Ka6 55. Qc6+ Ka5 56. Bc7# 1-0


[Site "https://www.chess.com"]

[Event "Titled Tuesday Blitz March 14 Late 2023"]
[White "Larino Nieto, David"]
[Black "Riff, Vincent"]
[WhiteFideId "2256444"]
[BlackFideId "617776"]
[WhiteElo "2506"]
[BlackElo "2369"]
[Result "1-0"]
[Round "06"]
[TimeControl "180+2"]
[Date "2023.03.14"]
[WhiteClock "0:00:32"]
[BlackClock "0:00:33"]

1. e4 c5 2. Nc3 Nc6 3. g3 g6 4. Bg2 Bg7 5. d3 d6 6. f4 e6 7. Nf3 Nge7 8. O-O O-O 9. Be3 b6 10. Bf2 d5 11. e5 Ba6 12. Re1 Rc8 13. g4 d4 14. Ne4 Nd5 15. Qd2 f6 16. Bh4 Bh6 17. Nxf6+ Rxf6 18. Bxf6 Bxf4 19. Qxf4 Nxf4 20. Bxd8 Rxd8 21. Ng5 Nb4 22. Rac1 h6 23. Ne4 Kg7 24. Nf6 Nxa2 25. Ra1 Nb4 26. Rf1 g5 27. c3 dxc3 28. bxc3 Ne2+ 29. Kh1 Nxc3 30. Nh5+ Kg8 31. Rf6 Ncd5 32. Rg6+ Kf7 33. Rf1+ Kxg6 34. Be4# 1-0


[Site "https://www.chess.com"]

[Event "Titled Tuesday Blitz March 14 Late 2023"]
[White "Skvortsov, Andrei"]
[Black "Estrada Nieto, Julian"]
[WhiteFideId "24108600"]
[BlackFideId "5101018"]
[WhiteElo "2259"]
[BlackElo "2176"]
[Result "1-0"]
[Round "06"]
[TimeControl "180+2"]
[Date "2023.03.14"]
[WhiteClock "0:00:57"]
[BlackClock "0:00:02"]

1. e4 e5 2. d4 exd4 3. Qxd4 Nc6 4. Qd3 Nf6 5. Nc3 Bb4 6. Bd2 O-O 7. O-O-O d6 8. Nge2 Be6 9. h3 d5 10. exd5 Nxd5 11. Nxd5 Bxd5 12. a3 Bxd2+ 13. Rxd2 Be6 14. Nc3 Qg5 15. Qg3 Qxg3 16. fxg3 Rad8 17. Bb5 Nd4 18. Rhd1 c5 19. Ne2 Nxe2+ 20. Bxe2 Rxd2 21. Rxd2 Rc8 22. Bf3 b6 23. g4 Kf8 24. Kd1 g5 25. Ke2 Ke7 26. Ke3 h6 27. Be4 Kf6 28. Rf2+ Ke5 29. Bd3 c4 30. Be4 c3 31. b3 Rd8 32. Bd3 a5 33. a4 Rd4 34. Rf1 Rf4 35. Re1 Kd6 36. Rd1 Kc5 37. Be4 Kb4 38. Rd6 Ka3 39. Rxb6 Kb2 40. Bd3 Rb4 41. Rxb4 axb4 42. a5 Bc8 43. g3 f6 44. h4 Bb7 45. Kd4 Kc1 46. Kc5 Kd2 47. Kxb4 Bf3 48. a6 Bxg4 49. Be4 1-0


[Site "https://www.chess.com"]

[Event "Titled Tuesday Blitz March 14 Late 2023"]
[White "Nazaretyan, Tigran"]
[Black "Rostomyan, Mikayel"]
[WhiteFideId "24162345"]
[BlackFideId "13313754"]
[WhiteElo "2111"]
[BlackElo "2009"]
[Result "1-0"]
[Round "06"]
[TimeControl "180+2"]
[Date "2023.03.14"]
[WhiteClock "0:01:18"]
[BlackClock "0:00:03"]

1. d4 Nf6 2. c4 c5 3. d5 b5 4. cxb5 a6 5. bxa6 e6 6. Nc3 exd5 7. Nxd5 Nxa6 8. Nf3 Bb7 9. e4 Nxe4 10. Bc4 Bd6 11. O-O O-O 12. Re1 Re8 13. a3 Bb8 14. Qd3 Nd6 15. Bg5 Qc8 16. Nb6 Qc6 17. Nxa8 Bxa8 18. Bxa6 c4 19. Bxc4 Rxe1+ 20. Rxe1 h6 21. Bf4 Nxc4 22. Re8# 1-0


[Site "https://www.chess.com"]

[Event "Titled Tuesday Blitz March 14 Late 2023"]
[White "Cardoso Cardoso, Jose Gabriel"]
[Black "Roebers, Eline"]
[WhiteFideId "4430492"]
[BlackFideId "1058401"]
[WhiteElo "2496"]
[BlackElo "2543"]
[Result "1-0"]
[Round "06"]
[TimeControl "180+2"]
[Date "2023.03.14"]
[WhiteClock "0:02:20"]
[BlackClock "0:02:17"]

1. d4 f5 2. Bf4 Nf6 3. e3 d6 4. h3 e6 5. Nf3 Be7 6. Bc4 h6 7. Nbd2 O-O 8. Qe2 Qe8 9. g4 fxg4 10. hxg4 Nxg4 11. O-O-O Nf6 12. Rdg1 Kh8 13. Bxh6 gxh6 14. Rxh6+ Nh7 15. Bd3 Rf7 16. Rgh1 1-0


[Site "https://www.chess.com"]

[Event "Titled Tuesday Blitz March 14 Late 2023"]
[White "Goltsev, Dmitry"]
[Black "Ezat, Mohamed"]
[WhiteFideId "24176710"]
[BlackFideId "10600906"]
[WhiteElo "2336"]
[BlackElo "2386"]
[Result "0-1"]
[Round "06"]
[TimeControl "180+2"]
[Date "2023.03.14"]
[WhiteClock "0:00:22"]
[BlackClock "0:00:15"]

1. e4 e5 2. Nf3 Nc6 3. Bb5 Nge7 4. O-O a6 5. Ba4 g6 6. c3 Bg7 7. d4 exd4 8. cxd4 b5 9. Bb3 O-O 10. Nc3 d6 11. Bg5 h6 12. Be3 Na5 13. Bc2 Nc4 14. Bc1 c5 15. b3 Na5 16. Bb2 Nac6 17. dxc5 dxc5 18. h3 Nb4 19. a3 Qxd1 20. Bxd1 Nd3 21. e5 Nxb2 22. Be2 Bf5 23. Ra2 b4 24. Nb1 bxa3 25. Nxa3 Nd3 26. g4 Nb4 27. gxf5 Nxa2 28. f6 Nc6 29. fxg7 Kxg7 30. Nc4 Nc3 31. Bd3 Nb4 32. Bb1 Rab8 33. e6 fxe6 34. Nfe5 Nxb1 35. Rxb1 Rbd8 36. Ne3 Rd2 37. Rf1 Nd3 38. N5c4 Rdxf2 39. Rd1 Nb2 40. Rd6 Nxc4 41. Nxc4 Re2 42. Rxa6 Rd8 43. Nd6 Rb2 44. Ra7+ Kf6 45. Rf7+ Kg5 46. Ne4+ Kh5 47. Rf1 Rd3 48. Rc1 Kh4 49. Nf2 Rg3+ 50. Kf1 Rf3 51. Rc4+ Kh5 52. Rxc5+ g5 53. h4 Rfxf2+ 54. Kg1 Rfc2 55. Rxc2 Rxc2 56. hxg5 hxg5 57. b4 Rb2 58. b5 Rxb5 59. Kf2 Rb3 60. Ke2 Kh4 61. Kd2 Kh3 62. Kc2 Rf3 63. Kd2 g4 64. Ke2 e5 65. Ke1 g3 66. Ke2 Ra3 67. Kd2 g2 68. Kc2 g1=Q 69. Kb2 Qe3 70. Kc2 Qc3+ 71. Kb1 Ra1# 0-1


[Site "https://www.chess.com"]

[Event "Titled Tuesday Blitz March 14 Late 2023"]
[White "Taboas Rodriguez, Daniel"]
[Black "Korchmar, Vasiliy"]
[WhiteFideId "2208466"]
[BlackFideId "24131750"]
[WhiteElo "2365"]
[BlackElo "2370"]
[Result "0-1"]
[Round "06"]
[TimeControl "180+2"]
[Date "2023.03.14"]
[WhiteClock "0:00:20"]
[BlackClock "0:01:07"]

1. d4 d5 2. Nf3 Nf6 3. c4 c6 4. cxd5 cxd5 5. Nc3 Nc6 6. Bf4 Nh5 7. Bd2 g6 8. e3 Bg7 9. Bd3 O-O 10. O-O Bg4 11. h3 Bxf3 12. Qxf3 e5 13. Qxd5 exd4 14. exd4 Nxd4 15. Bg5 Qb6 16. Be7 Rfe8 17. Bc5 Qxb2 18. Na4 Ne2+ 19. Bxe2 Qxe2 20. Rad1 Nf4 21. Qxb7 Qc4 22. Qb3 Qe4 23. Qf3 Qxa4 0-1


[Site "https://www.chess.com"]